 Dungeon Crawl Stone Soup version 0.20.0 (webtiles) character file.

39 ayylmao420 the Conjurer (level 3, 0/21 HPs)
             Began as an Octopode Conjurer on June 15, 2017.
             Slain by a hobgoblin (4 damage)
             ... on level 2 of the Dungeon on June 20, 2017.
             The game lasted 00:04:40 (1776 turns).

ayylmao420 the Conjurer (Octopode Conjurer)         Turns: 1776, Time: 00:04:41

Health: 0/21       AC:  1    Str:  7    XL:     3   Next: 47%
Magic:  7/7        EV: 13    Int: 18    God:
Gold:   56         SH:  0    Dex: 12    Spells: 7/8 levels left

rFire    . . .     SeeInvis .   e - +0 hand axe
rCold    . . .     Gourm    .   (no shield)
rNeg     . . .     Faith    .   (helmet restricted)
rPois    .         Spirit   .   (no amulet)
rElec    .         Reflect  .   (no ring)
rCorr    .         Harm     .   (no ring)
MR       .....                  (no ring)
Stlth    +++.......             (no ring)
Regen    0.1/turn               (no ring)
MPRegen  0.1/turn               (no ring)
                                (no ring)
                                (no ring)

@: no status effects
A: almost no armour, stealthy swim, amphibious, 8 rings, constrict 8, camouflage
1, gelatinous body 1
a: no special abilities


You were on level 2 of the Dungeon.
You were not hungry.

You visited 1 branch of the dungeon, and saw 2 of its levels.

You collected 56 gold pieces.

Inventory:

Hand Weapons
 e - a +0 hand axe (weapon)
Scrolls
 c - a scroll of amnesia {unknown}
 g - a scroll of teleportation {unknown}
 h - a scroll of immolation {unknown}
 i - a scroll of random uselessness {unknown}
Potions
 f - 2 potions of might {unknown}
Books
 a - a book of Conjurations

   Spells                             Type                      Level
   a - Magic Dart                     Conjuration                  1
   b - Searing Ray                    Conjuration                  2
   c - Dazzling Spray                 Conjuration/Hexes            3
   d - Fulminant Prism                Conjuration/Hexes            4
   e - Force Lance                    Conjuration/Translocation    4
   f - Iskenderun's Mystic Blast      Conjuration                  4
Comestibles
 b - 3 bread rations
 d - a royal jelly
 j - a chunk of flesh


   Skills:
 - Level 2.0 Dodging
 - Level 2.6 Stealth
 * Level 3.0 Spellcasting
 + Level 4.4 Conjurations


You had 7 spell levels left.
You knew the following spells:

 Your Spells              Type           Power        Failure   Level  Hunger
a - Magic Dart            Conj           ###.         2%          1    None


Dungeon Overview and Level Annotations

Branches:
Dungeon (2/15)

Altars:


Innate Abilities, Weirdness & Mutations

You cannot wear most types of armour.
You are very stealthy in the water. (Stealth+)
You are amphibious.
You can wear up to eight rings at the same time.
You can use your tentacles to constrict eight enemies at once.
Your skin changes colour to match your surroundings (Stealth+).
Your rubbery body absorbs attacks. (AC +1, EV +1)


Message History

You constrict the dart slug. The dart slug launches a dart at you.
The slug dart misses you.
You hit the dart slug but do no damage. You squeeze the dart slug.
You kill the dart slug!
You closely miss the orc. The orc hits you with a hand axe.
You hit the orc. Your grab misses the orc. You squeeze the orc.
The orc is almost dead.
The orc hits you with a hand axe. x2
* * * LOW HITPOINT WARNING * * *
You hit the orc.
You kill the orc!
You hit the hobgoblin but do no damage. You grab the hobgoblin.
You constrict the hobgoblin, but do no damage.
The hobgoblin hits you.
* * * LOW HITPOINT WARNING * * *
You hit the hobgoblin.
The hobgoblin is lightly wounded.
You constrict the hobgoblin. The hobgoblin misses you. The hobgoblin hits you.
You die...

#.#..)#(#
####.......## #
#$...........
..###.##.#.....##
.....##.#.....[#
#..#...†......
#....#......#
#..).#.....##
#.@g......... #.#
##)#####.#####.
.. ..####..# .#
#r# b# ........#
.# #.. .#
.#....#.# ..
#..#.#. #..#.#.#
###....#.
#..#.#.#
#........ #
#......#
#........
#.##.#.###
#..##<#


You could see a hobgoblin.

Vanquished Creatures
  4 dart slugs
  A leopard gecko (D:1)
  An orc (D:2)
  2 bats (D:1)
  2 goblins
  2 hobgoblins
  4 jackals (D:1)
  4 kobolds
  2 frilled lizards
  5 rats (D:1)
27 creatures vanquished.

Notes
Turn   | Place    | Note
-------+----------+-------------------------------------------
     0 | D:1      | ayylmao420 the Octopode Conjurer began the quest for the Orb.
     0 | D:1      | Reached XP level 1. HP: 11/11 MP: 3/3
   544 | D:1      | Reached XP level 2. HP: 14/17 MP: 5/5
  1246 | D:1      | Reached XP level 3. HP: 17/21 MP: 7/7
  1776 | D:2      | Slain by a hobgoblin

Skill      XL: |  1  2  3 |
---------------+----------+-----
Spellcasting   | 3 |  3.0
Dodging        | |  2.0
Stealth        | |  2.6
Conjurations   | |  4.4

Action                   || total
-------------------------++-------
Melee: Unarmed           ||     8
       Constrict         ||    17
       Hand axe          ||    46
       Tentacles         ||    10
 Cast: Magic Dart        ||     7
 Stab: Sleeping          ||     8
       Distracted        ||     1
  Eat: Chunk             ||     3
Armor: Skin              ||     5
Dodge: Dodged            ||    30
